 Dungeon Crawl Stone Soup version 0.30-a0-469-g84de5afbc5 (webtiles) character file.

Game seed: 10385367114770273931

149 runemasterragnar the Covert (level 5, -2/47 HPs)
             Began as a Gnoll Delver on Dec 20, 2022.
             Was a Believer of Wu Jian.
             Slain by an orc priest
             ... wielding a +0 flail
              (9 damage)
             ... on level 4 of the Dungeon.
             The game lasted 00:04:02 (3337 turns).

runemasterragnar the Covert (Gnoll Delver)          Turns: 3337, Time: 00:04:03

Health: -2/47      AC:  5    Str: 11    XL:     5   Next: 31%
Magic:  7/7        EV: 11    Int: 12    God:    Wu Jian [**....]
Gold:   233        SH:  4    Dex: 13    Spells: 7/7 levels left

rFire   . . .      SeeInvis .    a - +0 hand axe
rCold   . . .      Faith    .    p - +0 buckler
rNeg    . . .      Spirit   .    l - +0 ring mail
rPois   .          Reflect  .    (no helmet)
rElec   .          Harm     .    (no cloak)
rCorr   +          Rampage  .    (no gloves)
Will    .....                    (no boots)
Stlth   ++++......               (no amulet)
HPRegen 0.27/turn                j - ring of resist corrosion
MPRegen 0.10/turn                (no ring)

@: mighty
A: fangs 1, strong nose, distributed training
a: Renounce Religion, Wall Jump


You were on level 4 of the Dungeon.
You worshipped Wu Jian.
Wu Jian was pleased with you.
You visited 1 branch of the dungeon, and saw 5 of its levels.

You collected 233 gold pieces.

Inventory:

Hand Weapons
 a - a +0 hand axe (weapon)
 r - a +3 spear
 A - a +0 dagger of electrocution
Missiles
 y - 2 boomerangs (quivered)
 z - 2 poisoned darts
Armour
 b - a +0 leather armour
 i - a +0 scale mail
 l - a +0 ring mail (worn)
 p - a +0 buckler (worn)
Jewellery
 j - a ring of resist corrosion (left hand)
 q - a ring of resist corrosion
Wands
 g - a wand of digging (3)
Scrolls
 c - a scroll of fog
 d - 3 scrolls of magic mapping
 e - 2 scrolls of fear
 h - a scroll of enchant armour {unknown}
 k - a scroll of summoning {unknown}
 m - a scroll of brand weapon {unknown}
 o - a scroll of silence {unknown}
 s - 2 scrolls of teleportation {unknown}
 u - a scroll of amnesia {unknown}
 w - a scroll of identify {unknown}
 B - a scroll of poison {unknown}
Potions
 f - 2 potions of haste
 n - 2 potions of might
 t - a potion of resistance {unknown}
 v - a potion of degeneration {unknown}
 x - a potion of heal wounds {unknown}


   Skills:
 + Level 6.7 Fighting
 + Level 1.5 Short Blades
 + Level 1.5 Long Blades
 + Level 4.8 Axes
 + Level 1.5 Maces & Flails
 + Level 1.5 Polearms
 + Level 1.5 Staves
 + Level 1.5 Ranged Weapons
 + Level 1.5 Throwing
 + Level 1.5 Armour
 + Level 4.8 Dodging
 + Level 9.7 Stealth
 + Level 1.5 Shields
 + Level 1.5 Unarmed Combat
 + Level 1.5 Spellcasting
 + Level 1.2 Conjurations
 + Level 1.2 Hexes
 + Level 1.2 Summonings
 + Level 1.2 Necromancy
 + Level 1.2 Translocations
 + Level 1.2 Transmutations
 + Level 1.2 Fire Magic
 + Level 1.2 Ice Magic
 + Level 1.2 Air Magic
 + Level 1.2 Earth Magic
 + Level 1.2 Poison Magic
 + Level 1.7 Invocations
 + Level 1.5 Evocations


You had 7 spell levels left.
You didn't know any spells.
Your spell library contained the following spells:

 Spells                   Type           Power      Damage    Failure   Level
 Gell's Gravitas          Tloc           3%         N/A       86%         3
 Teleport Other           Tloc           3%         N/A       86%         3
 Dispersal                Tloc           1%         N/A       100%        6


Dungeon Overview and Level Annotations

Branches:
Dungeon (5/15)
 Temple: D:4-7

Altars:
Wu Jian

Annotations:
D:5 Blork the orc, Pikel


Innate Abilities, Weirdness & Mutations

You have very sharp teeth.
Your uncanny sense of smell can sniff out nearby items.
Your experience applies equally to all skills.


Message History

Unknown command.
You spin and attack the orc priest.
You hit the orc priest but do no damage.
You spin and attack the orc priest.
You hit the orc priest.
The orc priest is moderately wounded.
The orc priest closely misses you.
The orc priest mumbles some strange prayers to Beogh against you.
Beogh smites you!
a - a +0 hand axe (weapon)
You spin and attack the orc priest.
You hit the orc priest but do no damage.
You spin and attack the orc priest.
You hit the orc priest but do no damage.
The orc priest is moderately wounded.
The orc priest looks braver for a moment.
The orc priest looks encouraged for a moment.
You hit the orc priest but do no damage.
The orc priest is moderately wounded.
You hit the orc priest but do no damage.
You block the orc priest's attack. x2
The orc priest mumbles some strange prayers to Beogh against you.
Beogh smites you!
The orc priest hits you with a +0 flail!
* * * LOW HITPOINT WARNING * * *
Unknown command.
You spin and attack the orc priest.
You hit the orc priest.
The orc priest is lightly wounded.
You spin and attack the orc priest.
You hit the orc priest but do no damage.
The orc priest is moderately wounded.
The orc priest calls down the wrath of Beogh upon you.
You barely resist.
The orc priest hits you but does no damage.
Unknown command.
It was a potion of might.
You feel very mighty all of a sudden.
The orc priest hits you with a +0 dagger.
* * * LOW HITPOINT WARNING * * *
The orc priest hits you with a +0 flail!
You die...

.........#..##
##...........#
.........##..#
###.......#.#
.........##..####
##....###.#
........####)...###
###.## #.# ........#
##......### ###
........# #.).......#
.......####.)........
....... #...........
......# ##..o@.......
###### #...o........
#............
#............
##...........
#...........
#...........
............
.##.......##.


You could see 2 orc priests.

Vanquished Creatures
  An orc wizard (D:4)
  4 adders
  A gnoll (D:1)
  An ufetubus (D:4)
  2 worms (D:3)
  4 orcs
  7 endoplasms
  A giant cockroach (D:1)
  5 goblins
  7 hobgoblins
  4 jackals (D:3)
  6 kobolds
  2 quokkas
  3 ball pythons
  5 bats
  4 frilled lizards (D:3)
  4 rats
61 creatures vanquished.

Notes
Turn   | Place    | Note
-------+----------+-------------------------------------------
     0 | D:5      | Reached skill level 9 in Stealth
     0 | D:5      | runemasterragnar the Gnoll Delver began the quest for the
                  | Orb.
     0 | D:5      | Reached XP level 1. HP: 23/23 MP: 1/1
    25 | D:5      | Noticed Blork the orc
    44 | D:5      | Noticed Pikel
    59 | D:5      | Noticed an orc priest
   160 | D:3      | Reached XP level 2. HP: 7/29 MP: 2/2
   834 | D:3      | Found a faded altar of an unknown god.
   853 | D:3      | Reached XP level 3. HP: 33/35 MP: 2/4
   854 | D:3      | Prayed at the altar of an unknown god.
   854 | D:3      | Became a worshipper of the Wu Jian Council
   854 | D:3      | Reached * piety under Wu Jian
   940 | D:1      | Reached skill level 1 in Invocations
  1083 | D:1      | Reached skill level 1 in Short Blades
  1083 | D:1      | Reached skill level 1 in Long Blades
  1083 | D:1      | Reached skill level 1 in Maces & Flails
  1083 | D:1      | Reached skill level 1 in Polearms
  1083 | D:1      | Reached skill level 1 in Staves
  1083 | D:1      | Reached skill level 1 in Ranged Weapons
  1083 | D:1      | Reached skill level 1 in Throwing
  1083 | D:1      | Reached skill level 1 in Armour
  1083 | D:1      | Reached skill level 1 in Shields
  1083 | D:1      | Reached skill level 1 in Unarmed Combat
  1083 | D:1      | Reached skill level 1 in Spellcasting
  1083 | D:1      | Reached skill level 1 in Evocations
  1594 | D:1      | Reached XP level 4. HP: 41/41 MP: 5/5
  2162 | D:2      | Reached skill level 1 in Conjurations
  2162 | D:2      | Reached skill level 1 in Hexes
  2162 | D:2      | Reached skill level 1 in Summonings
  2162 | D:2      | Reached skill level 1 in Necromancy
  2162 | D:2      | Reached skill level 1 in Translocations
  2162 | D:2      | Reached skill level 1 in Transmutations
  2162 | D:2      | Reached skill level 1 in Fire Magic
  2162 | D:2      | Reached skill level 1 in Ice Magic
  2162 | D:2      | Reached skill level 1 in Air Magic
  2162 | D:2      | Reached skill level 1 in Earth Magic
  2162 | D:2      | Reached skill level 1 in Poison Magic
  2830 | D:3      | Reached ** piety under Wu Jian
  3129 | D:4      | Reached XP level 5. HP: 31/47 MP: 7/7
  3337 | D:4      | Slain by an orc priest

Illustrated notes

Levels and vault maps discovered:
D:1:      dpeg_arrival_ternary, layout_loops_cross
D:2:      minmay_spotlight, layout_loops_cross, glass_columns_a
D:3:      layout_basic, shapermc_ecumenical_altar_totnotflames,
          kennysheep_doodads, dreamdust_wishing_well, supply_closet_lemuel,
          minmay_door_square
D:4:      layout_cave_pods, serial_shops, shop, hangedman_decor_points,
          uniq_edmund, uniq_natasha, uniq_menkaure
D:5:      layout_cave_pods, minmay_temple_entry_antechambers, serial_shops,
          shop, serial_undead, serial_undead_a, serial_undead_f,
          serial_undead_c, serial_undead_b, minmay_divided_ellipse, uniq_pikel,
          uniq_prince_ribbit1, uniq_blork_the_orc

Skill      XL: |  1  2  3  4 |
---------------+-------------+-----
Stealth        | |  9.7
Invocations    | 1 |  1.7
Short Blades   | 1 |  1.5
Long Blades    | 1 |  1.5
Maces & Flails | 1 |  1.5
Polearms       | 1 |  1.5
Staves         | 1 |  1.5
Ranged Weapons | 1 |  1.5
Throwing       | 1 |  1.5
Armour         | 1 |  1.5
Shields        | 1 |  1.5
Unarmed Combat | 1 |  1.5
Spellcasting   | 1 |  1.5
Evocations     | 1 |  1.5
Conjurations   | 1 |  1.2
Hexes          | 1 |  1.2
Summonings     | 1 |  1.2
Necromancy     | 1 |  1.2
Translocations | 1 |  1.2
Transmutations | 1 |  1.2
Fire Magic     | 1 |  1.2
Ice Magic      | 1 |  1.2
Air Magic      | 1 |  1.2
Earth Magic    | 1 |  1.2
Poison Magic   | 1 |  1.2
Fighting       | |  6.7
Axes           | |  4.8
Dodging        | |  4.8

Action                   |  1- 3 |  4- 6 || total
-------------------------+-------+-------++-------
Melee: Hand axe          |   104 |    98 ||   202
       Bite              |     8 |    10 ||    18
       Spear             |       |    25 ||    25
Invok: Lunge             |     5 |     6 ||    11
       Whirlwind         |       |     7 ||     7
 Abil: Wall Jump         |       |     2 ||     2
  Use: Potion            |       |     1 ||     1
 Stab: Sleeping          |    12 |     8 ||    20
       Distracted        |       |     1 ||     1
Armor: Leather armour    |     7 |       ||     7
       Ring mail         |    25 |    20 ||    45
Dodge: Dodged            |    51 |    59 ||   110
Block: Buckler           |    10 |    21 ||    31

Table legend: (Time is in decaauts)
 A = Elapsed time spent in this place.
 B = Non-inter-level travel time spent in this place.
 C = Inter-level travel time spent in this place.
 D = Time resting spent in this place.
 E = Time spent auto-exploring this place.
 F = Levels seen in this place.
 G = Mean time per level.
                   A        B        C        D        E       F      G
               +--------+--------+--------+--------+--------+-----+--------+
         Total |   3361 |   3141 |    220 |     82 |   2396 |   5 |  672.2 |
       Dungeon |   3361 |   3141 |    220 |     82 |   2396 |   5 |  672.2 |
               +--------+--------+--------+--------+--------+-----+--------+

Top non-repeatable levels by time:
     D:3: 1388 daAuts
     D:1: 891 daAuts
     D:2: 728 daAuts
     D:4: 291 daAuts
     D:5: 61 daAuts
